 Dungeon Crawl Stone Soup version 0.30.0 (webtiles) character file.

Game seed: 14930930174160526845

72 monsoonserge the Chiller (level 4, 0/32 HPs)
             Began as a Gnoll Ice Elementalist on May 5, 2023.
             Killed by divine providence
             ... invoked by an orc priest
              (8 damage)
             ... on level 2 of the Dungeon.
             The game lasted 00:04:06 (864 turns).

monsoonserge the Chiller (Gnoll Ice Elementalist)    Turns: 864, Time: 00:04:07

Health: 0/32       AC:  9    Str:  7    XL:     4   Next: 25%
Magic:  2/11       EV: 13    Int: 16    God:
Gold:   69         SH:  0    Dex: 13    Spells: 3/13 levels left

rFire   . . .        i - +2 dagger (drain)
rCold   . . .        (no shield)
rNeg    . . .        a - +0 robe
rPois   .            (no helmet)
rElec   .            (no cloak)
rCorr   .            (no gloves)
SInv    .            (no boots)
Will    +....        (no amulet)
Stlth   +++          m - ring of willpower
HPRegen 0.25/turn    (no ring)
MPRegen 0.12/turn

%: no passive effects
@: ice-armoured, freezing walls
A: fangs 1, strong nose, distributed training
a: no special abilities


You were on level 2 of the Dungeon.
You visited 1 branch of the dungeon, and saw 2 of its levels.

You collected 69 gold pieces.

Inventory:

Hand Weapons
 i - a +2 dagger of draining (weapon)
Missiles
 c - 2 javelins
 d - 9 stones
 j - 4 poisoned darts (quivered)
Armour
 a - a +0 robe (worn)
Magical Staves
 h - a staff of cold
Jewellery
 m - a ring of willpower (left hand)
Scrolls
 e - 3 scrolls of identify {unknown}
 f - a scroll of magic mapping {unknown}
 k - a scroll of immolation {unknown}
Potions
 b - a potion of magic
 g - a potion of heal wounds {unknown}
 l - a potion of brilliance {unknown}


   Skills:
 + Level 1.1 Fighting
 + Level 1.1 Short Blades
 + Level 1.1 Long Blades
 + Level 1.1 Axes
 + Level 1.1 Maces & Flails
 + Level 1.1 Polearms
 + Level 1.1 Staves
 + Level 1.1 Ranged Weapons
 + Level 1.1 Throwing
 + Level 1.1 Armour
 + Level 4.6 Dodging
 + Level 4.2 Stealth
 + Level 1.1 Shields
 + Level 1.1 Unarmed Combat
 + Level 5.1 Spellcasting
 + Level 0.9 Conjurations
 + Level 0.9 Hexes
 + Level 0.9 Summonings
 + Level 0.9 Necromancy
 + Level 0.9 Translocations
 + Level 0.9 Transmutations
 + Level 0.9 Fire Magic
 + Level 7.1 Ice Magic
 + Level 0.9 Air Magic
 + Level 0.9 Earth Magic
 + Level 0.9 Poison Magic
 + Level 1.2 Invocations
 + Level 1.1 Evocations


You had 3 spell levels left.
You knew the following spells:

 Your Spells              Type           Power      Damage    Failure   Level
a - Freeze                Ice            100%       1d10      1%          1
b - Frozen Ramparts       Ice            52%        1d8       2%          3
c - Ozocubu's Armour      Ice            26%        N/A       2%          3
d - Hailstorm             Conj/Ice       17%        3d6       9%          3

Your spell library contained the following spells:

 Spells                   Type           Power      Damage    Failure   Level
 Foxfire                  Conj/Fire      28%        2x1d5     11%         1
 Ice Form                 Ice/Tmut       17%        N/A       28%         4
 Summon Ice Beast         Ice/Summ       17%        N/A       28%         4
 Statue Form              Tmut/Erth      4%         N/A       100%        6


Dungeon Overview and Level Annotations

Branches:
Dungeon (2/15)

Altars:


Innate Abilities, Weirdness & Mutations

You have very sharp teeth.
Your uncanny sense of smell can sniff out nearby items.
Your experience applies equally to all skills.


Message History

The wall freezes the orc priest but does no damage.
The orc priest closely misses you.
Casting: Frozen Ramparts (dangerous; 2% risk of failure)
Confirm with . or Enter, or press ? or * to list all spells.
A film of ice covers your body!
The wall freezes the orc priest but does no damage.
The orc priest invokes the aid of Beogh against you.
Beogh smites you!
* * * LOW HITPOINT WARNING * * *
The wall freezes the orc.
You kill the orc!
The wall freezes the orc priest.
You kill the orc priest!
Your Fighting skill increases to level 1!
Your Short Blades skill increases to level 1!
Your Long Blades skill increases to level 1!
Your Axes skill increases to level 1!
Your Maces & Flails skill increases to level 1!
Your Polearms skill increases to level 1!
Your Staves skill increases to level 1!
Your Ranged Weapons skill increases to level 1!
Your Throwing skill increases to level 1!
Your Armour skill increases to level 1!
Your Shields skill increases to level 1!
Your Unarmed Combat skill increases to level 1!
Your Evocations skill increases to level 1!
You have reached level 4!
You feel agile.
Throw: 5 darts (poison)
Press: ? - help, Q - select action, (/) - cycle Shift-Dir - straight line, f - orc priest
Aim: an orc priest, wielding a +2 dagger of holy wrath and wearing a +0 chain mail (lightly wounded, 64% to hit)
You throw a poisoned dart.
The poisoned dart closely misses the orc priest.
The wall freezes the orc priest but does no damage.
You hit the orc priest but do no damage.
The orc priest is lightly wounded.
The wall freezes the orc priest but does no damage.
The orc priest mumbles some strange prayers to Beogh against you.
Beogh smites you!
You die...

.##.# ...
#..#.## .##.#
.... #.#.#
.##.##
...###...#
......#
#......#######
#.#.#.#
####.........#
#.# #
##..###...#
>.. #..##..###
#.#.
#######.....##
....
(.....o@.####
.. #####.)..#
#...#.##
#..###.# ...
..# .# #..#
####


You could see an orc priest.

Vanquished Creatures
  An orc priest (D:2)
  An adder (D:2)
  2 dart slugs
  An orc (D:2)
  2 bats (D:1)
  3 endoplasms
  2 goblins (D:1)
  3 hobgoblins
  2 kobolds (D:1)
  3 quokkas
  3 ball pythons
  3 frilled lizards
  4 rats
30 creatures vanquished.

Notes
Turn   | Place    | Note
-------+----------+-------------------------------------------
     0 | D:1      | monsoonserge the Gnoll Ice Elementalist began the quest for
                  | the Orb.
     0 | D:1      | Reached XP level 1. HP: 13/13 MP: 6/6
    23 | D:1      | Got the Annotations on Limned Variation
   132 | D:1      | Reached XP level 2. HP: 19/19 MP: 5/7
   576 | D:2      | Reached skill level 5 in Spellcasting
   576 | D:2      | Reached XP level 3. HP: 23/25 MP: 7/9
   582 | D:2      | Learned a level 3 spell: Frozen Ramparts
   586 | D:2      | Learned a level 3 spell: Ozocubu's Armour
   590 | D:2      | Learned a level 3 spell: Hailstorm
   677 | D:2      | Reached skill level 1 in Invocations
   863 | D:2      | Reached skill level 1 in Fighting
   863 | D:2      | Reached skill level 1 in Short Blades
   863 | D:2      | Reached skill level 1 in Long Blades
   863 | D:2      | Reached skill level 1 in Axes
   863 | D:2      | Reached skill level 1 in Maces & Flails
   863 | D:2      | Reached skill level 1 in Polearms
   863 | D:2      | Reached skill level 1 in Staves
   863 | D:2      | Reached skill level 1 in Ranged Weapons
   863 | D:2      | Reached skill level 1 in Throwing
   863 | D:2      | Reached skill level 1 in Armour
   863 | D:2      | Reached skill level 1 in Shields
   863 | D:2      | Reached skill level 1 in Unarmed Combat
   863 | D:2      | Reached skill level 1 in Evocations
   863 | D:2      | Reached XP level 4. HP: 7/32 MP: 2/11
   864 | D:2      | Killed from afar by an orc priest

Illustrated notes

Levels and vault maps discovered:
D:1:      dpeg_arrival_rooms_with_view, layout_rooms, serial_corexii_hall,
          chequers_hall_statues_wall_a, chequers_hall_statues_y,
          corexii_hall_statues_x
D:2:      layout_rooms, minmay_tiny_reverse_x

Skill      XL: |  1  2  3 |
---------------+----------+-----
Spellcasting   | 5 |  5.1
Invocations    | 1 |  1.2
Fighting       | 1 |  1.1
Short Blades   | 1 |  1.1
Long Blades    | 1 |  1.1
Axes           | 1 |  1.1
Maces & Flails | 1 |  1.1
Polearms       | 1 |  1.1
Staves         | 1 |  1.1
Ranged Weapons | 1 |  1.1
Throwing       | 1 |  1.1
Armour         | 1 |  1.1
Shields        | 1 |  1.1
Unarmed Combat | 1 |  1.1
Evocations     | 1 |  1.1
Dodging        | |  4.6
Stealth        | |  4.2
Conjurations   | |  0.9
Hexes          | |  0.9
Summonings     | |  0.9
Necromancy     | |  0.9
Translocations | |  0.9
Transmutations | |  0.9
Fire Magic     | |  0.9
Ice Magic      | |  7.1
Air Magic      | |  0.9
Earth Magic    | |  0.9
Poison Magic   | |  0.9

Action                     |  1- 3 |  4- 6 || total
---------------------------+-------+-------++-------
  Melee: Unarmed           |     4 |       ||     4
         Dagger            |    27 |     1 ||    28
         Staff             |     2 |       ||     2
         Bite              |     1 |       ||     1
  Throw: Dart              |       |     1 ||     1
   Cast: Freeze            |    21 |       ||    21
         Ozocubu's Armour  |     1 |       ||     1
         Frozen Ramparts   |     1 |       ||     1
   Stab: Sleeping          |     3 |       ||     3
 Armour: Robe              |     2 |       ||     2
  Dodge: Dodged            |    32 |       ||    32
